Map: Whispers of Gold

Players

llllllllllll - Winner!

  • Race: Terran Terran
  • League: Gold
  • Spawn Location: 5:00

Tentacles

  • Race: Zerg Zerg
  • League: Platinum
  • Spawn Location: 9:00

VOD

Have the link to the VOD?

Description

Time

  • Played on: April 24, 2025, 10:56 a.m.
  • Length: 3:27
Show
View Real Time Build Order
Export as new Build Order

llllllllllll Terran - Winner!

Build Orders:  

Get SALT Encoding   

  12  0:00  SCV  
  13  0:12  SCV  
  14  0:19  Supply Depot  
  14  0:24  SCV  
  15  0:42  Barracks  
  15  0:54  Barracks  
  15  1:07  Barracks  
  15  1:29  Marine  
  16  1:34  Barracks  
  16  1:41  Marine  
  16  1:44  Supply Depot  
  16  1:47  Marine  
  17  1:54  Marine  
  19  1:59  Marine  
  20  2:05  Marine  
  21  2:11  Marine  
  22  2:16  Marine  
  22  2:20  Marine  
  24  2:22  Marine  
  24  2:29  Marine  
  26  2:34  Marine  
  27  2:38  Marine  
  27  2:40  Marine  
  29  2:47  Marine  
  28  2:52  Marine  
  28  2:56  Marine  
  28  2:58  Marine  
Show
View Real Time Build Order
Export as new Build Order

Tentacles Zerg 

Build Orders: Hatch First 

Get SALT Encoding   

  12  0:00  Drone  
  13  0:12  Overlord  
  13  0:17  Drone  
  14  0:31  Drone x2  
  16  0:48  Hatchery  
  15  0:51  Drone  
  15  0:55  Drone  
  17  1:04  Drone  
  18  1:09  Extractor  
  17  1:18  Spawning Pool  
  17  1:20  Drone  
  17  1:21  Drone  
  18  1:30  Drone  
  19  1:41  Drone  
  20  1:49  Overlord  
  20  2:05  Queen  
  20  2:06  Queen  
  20  2:07  Zergling x4  
  26  2:17  Spine Crawler  
  25  2:25  Roach Warren  
  22  2:38  Spine Crawler  
  22  2:42  Spine Crawler  
Tags
 
Matchup
TvZ
Replay Pack
kreditionep1
Spawn Locations
Cross Positions
Add a new tag
Caveats
  • Supply blocks, unpowered buildings, or Contaminate may cause inaccurate times.
  • Supply counts are checked every 10 seconds.